| TOP OF THE 1ST |
|
Fort Wayne TinCaps batting - Pitching for Peoria Chiefs : RHP Gareth Haigh
|
|
Pitching: RHP Gareth Haigh
|
|
|
Batting: LHB Ramon Vega
|
0-0: Ground out 5-3 (Groundball, 5L, EV 82.5 MPH)
|
|
Batting: RHB Min-chin Yi
|
0-0: DOUBLE (Line Drive, 9LS, EV 110.0 MPH)
|
|
Batting: RHB Danny Loyola
|
0-0: Called Strike 0-1: Ball 1-1: Swinging Strike 1-2: Ball 2-2: Foul Ball, location: 2F 2-2: Strikes out swinging
|
|
Batting: RHB Davey Verhoog
|
0-0: Ball 1-0: Called Strike 1-1: Called Strike 1-2: Fly out, F7 (Flyball, 7, EV 76.9 MPH)
|
| Top of the 1st over - 0 runs, 1 hit, 0 errors, 1 left on base; Fort Wayne 0 - Peoria 0 |
| BOTTOM OF THE 1ST |
|
Peoria Chiefs batting - Pitching for Fort Wayne TinCaps : RHP David Deon
|
|
Pitching: RHP David Deon
|
|
|
Batting: RHB John Peterson
|
0-0: Called Strike 0-1: Ball 1-1: Ball 2-1: Ball 3-1: Foul Ball, location: 2F 3-2: SINGLE (Groundball, 6MD, EV 105.0 MPH)
|
|
Batting: LHB Billy Guzman
|
0-0: Ball 1-0: Ball 2-0: Swinging Strike 2-1: Foul Ball, location: 2F 2-2: Fielders Choice at 2nd, 4-6 (Groundball, 4, EV 108.8 MPH)
|
|
Batting: RHB Tyler Walker
|
0-0: Called Strike 0-1: Swinging Strike 0-2: Ball 1-2: Ball 2-2: DOUBLE (Line Drive, 89XD, EV 103.1 MPH) Billy Guzman to third Runner from 3rd tries for Home, throw by CF and OUT! 8-4-2 Runner from 2nd tries for 3rd, throw by C and OUT! 2-4-5 Double Play!
|
| Bottom of the 1st over - 0 runs, 2 hits, 0 errors, 0 left on base; Fort Wayne 0 - Peoria 0 |
| TOP OF THE 2ND |
|
Fort Wayne TinCaps batting - Pitching for Peoria Chiefs : RHP Gareth Haigh
|
|
Batting: RHB Jaden Scott
|
0-0: Ground out 5-3 (Groundball, 5L, EV 85.6 MPH)
|
|
Batting: LHB Jeremy DiGenova
|
0-0: Ball 1-0: Ball 2-0: Foul Ball, location: 2F 2-1: Called Strike 2-2: Ball 3-2: Strikes out swinging
|
|
Batting: RHB Alex Vasquez
|
0-0: Called Strike 0-1: Swinging Strike 0-2: Fly out, F7 (Flyball, 7D, EV 106.9 MPH)
|
| Top of the 2nd over - 0 runs, 0 hits, 0 errors, 0 left on base; Fort Wayne 0 - Peoria 0 |
| BOTTOM OF THE 2ND |
|
Peoria Chiefs batting - Pitching for Fort Wayne TinCaps : RHP David Deon
|
|
Batting: LHB Travis Ruppel
|
0-0: Hit by Pitch
|
|
Batting: RHB Richard Riggs
|
0-0: Foul Ball, location: 2F 0-1: Ball 1-1: Foul Ball, location: 2F 1-2: Foul Ball, location: 2F 1-2: Ground out 6-3 (Groundball, P, EV 78.8 MPH) Travis Ruppel to second
|
|
Batting: RHB Josh Broome
|
0-0: Ball 1-0: Ball 2-0: Called Strike 2-1: Ball 3-1: SINGLE (Groundball, 13, EV 82.5 MPH) (infield hit) Travis Ruppel to third
|
|
Batting: RHB Vic Nelson
|
0-0: Ball Josh Broome is caught stealing 2nd base 2-4 1-0: Ground out 5-3 (Groundball, 5L, EV 86.2 MPH)
|
| Bottom of the 2nd over - 0 runs, 1 hit, 0 errors, 1 left on base; Fort Wayne 0 - Peoria 0 |
| TOP OF THE 3RD |
|
Fort Wayne TinCaps batting - Pitching for Peoria Chiefs : RHP Gareth Haigh
|
|
Batting: RHB Alfredo Lemus
|
0-0: Called Strike 0-1: Ball 1-1: Ball 2-1: Fly out, F8 (Flyball, 8RM, EV 88.8 MPH)
|
|
Batting: RHB David Reyna
|
0-0: Ball 1-0: Called Strike 1-1: Foul Ball, location: 2F 1-2: Ball 2-2: Foul Ball, location: 2F 2-2: Strikes out looking
|
|
Batting: LHB Ramon Vega
|
0-0: Ball 1-0: Foul Ball, location: 2F 1-1: Foul Ball, location: 2F 1-2: Strikes out swinging
|
| Top of the 3rd over - 0 runs, 0 hits, 0 errors, 0 left on base; Fort Wayne 0 - Peoria 0 |
| BOTTOM OF THE 3RD |
|
Peoria Chiefs batting - Pitching for Fort Wayne TinCaps : RHP David Deon
|
|
Batting: SHB Hank Arias
|
0-0: Foul Ball, location: 2F 0-1: Ball 1-1: Ball 2-1: Fly out, F6 (Popup, 6M, EV 64.4 MPH)
|
|
Batting: RHB Mario Mendoza
|
0-0: Ball 1-0: Ground out 5-3 (Groundball, 5, EV 77.5 MPH)
|
|
Batting: RHB John Peterson
|
0-0: Called Strike 0-1: Ball 1-1: Called Strike 1-2: Foul Ball, location: 2F 1-2: Ball 2-2: Strikes out looking
|
| Bottom of the 3rd over - 0 runs, 0 hits, 0 errors, 0 left on base; Fort Wayne 0 - Peoria 0 |
| TOP OF THE 4TH |
|
Fort Wayne TinCaps batting - Pitching for Peoria Chiefs : RHP Gareth Haigh
|
|
Batting: RHB Min-chin Yi
|
0-0: Called Strike 0-1: Foul Ball, location: 2F 0-2: Ball 1-2: Foul Ball, location: 2F 1-2: Foul Ball, location: 2F 1-2: Foul Ball, location: 2F 1-2: SINGLE (Groundball, 4MD, EV 105.6 MPH)
|
|
Batting: RHB Danny Loyola
|
0-0: Called Strike 0-1: Ball 1-1: DOUBLE (Flyball, 78XD, EV 101.9 MPH) Min-chin Yi to third
|
|
Batting: RHB Davey Verhoog
|
0-0: Ball 1-0: SINGLE (Groundball, 56, EV 96.2 MPH) Min-chin Yi scores Danny Loyola to third Runner from 3rd tries for Home, SAFE, throw by LF to home
|
|
Batting: RHB Jaden Scott
|
0-0: Ball 1-0: Called Strike 1-1: Foul Ball, location: 2F 1-2: Strikes out looking
|
|
Batting: LHB Jeremy DiGenova
|
0-0: Called Strike 0-1: Fly out, F7 (Line Drive, 78M, EV 103.8 MPH)
|
|
Batting: RHB Alex Vasquez
|
0-0: Ball Davey Verhoog is caught stealing 2nd base 2-4
|
| Top of the 4th over - 2 runs, 3 hits, 0 errors, 0 left on base; Fort Wayne 2 - Peoria 0 |
| BOTTOM OF THE 4TH |
|
Peoria Chiefs batting - Pitching for Fort Wayne TinCaps : RHP David Deon
|
|
Batting: LHB Billy Guzman
|
0-0: Ball 1-0: Ball 2-0: Called Strike 2-1: Ball 3-1: Foul Ball, location: 2F 3-2: DOUBLE (Line Drive, 78XD, EV 107.5 MPH)
|
|
Batting: RHB Tyler Walker
|
0-0: Ground out 5-3 (Groundball, 5D, EV 85.6 MPH)
|
|
Batting: LHB Travis Ruppel
|
0-0: Ball 1-0: Ball 2-0: Swinging Strike 2-1: Foul Ball, location: 2F 2-2: Ball 3-2: Foul Ball, location: 2F 3-2: Strikes out looking
|
|
Batting: RHB Richard Riggs
|
0-0: Called Strike 0-1: Ball 1-1: Ball 2-1: Ground out 4-3 (Groundball, 4, EV 100.6 MPH)
|
| Bottom of the 4th over - 0 runs, 1 hit, 0 errors, 1 left on base; Fort Wayne 2 - Peoria 0 |
| TOP OF THE 5TH |
|
Fort Wayne TinCaps batting - Pitching for Peoria Chiefs : RHP Gareth Haigh
|
|
Batting: RHB Alex Vasquez
|
0-0: Foul Ball, location: 2F 0-1: Swinging Strike 0-2: Ground out 5-3 (Groundball, 56S, EV 89.4 MPH)
|
|
Batting: RHB Alfredo Lemus
|
0-0: Ball 1-0: Foul Ball, location: 2F 1-1: Swinging Strike 1-2: Ball 2-2: Foul Ball, location: 2F 2-2: Foul Ball, location: 2F 2-2: Fly out, F7 (Flyball, 7, EV 83.8 MPH)
|
|
Batting: RHB David Reyna
|
0-0: Called Strike 0-1: Ball 1-1: Ball 2-1: Swinging Strike 2-2: Strikes out swinging
|
| Top of the 5th over - 0 runs, 0 hits, 0 errors, 0 left on base; Fort Wayne 2 - Peoria 0 |
| BOTTOM OF THE 5TH |
|
Peoria Chiefs batting - Pitching for Fort Wayne TinCaps : RHP David Deon
|
|
Batting: RHB Josh Broome
|
0-0: Foul Ball, location: 2F 0-1: Ball 1-1: Ball 2-1: Fly out, F8 (Line Drive, 8RD, EV 93.8 MPH)
|
|
Batting: RHB Vic Nelson
|
0-0: Called Strike 0-1: Ball 1-1: Ball 2-1: Foul Ball, location: 2F 2-2: Ball 3-2: Base on Balls
|
|
Batting: SHB Hank Arias
|
0-0: Ball 1-0: Foul Ball, location: 2F 1-1: Swinging Strike 1-2: Ball 2-2: Foul Ball, location: 2F 2-2: Foul Ball, location: 2F 2-2: Hit by Pitch Vic Nelson to second
|
|
Batting: RHB Mario Mendoza
|
0-0: SINGLE (Groundball, 5S, EV 61.2 MPH) (infield hit) Vic Nelson to third Hank Arias to second
|
|
Batting: RHB John Peterson
|
0-0: Ball 1-0: Foul Ball, location: 2F 1-1: Called Strike 1-2: Grounds into fielders choice 4-2 (Groundball, 4, EV 109.4 MPH) Hank Arias to third Mario Mendoza to second
|
|
Batting: LHB Billy Guzman
|
0-0: Ball 1-0: Ball 2-0: Foul Ball, location: 2F 2-1: Ball 3-1: SINGLE (Flyball, 56D, EV 93.1 MPH) Hank Arias scores Mario Mendoza to third John Peterson to second
|
|
Batting: RHB Tyler Walker
|
0-0: Called Strike 0-1: Ball 1-1: Called Strike 1-2: Strikes out swinging
|
| Bottom of the 5th over - 1 run, 2 hits, 0 errors, 3 left on base; Fort Wayne 2 - Peoria 1 |
| TOP OF THE 6TH |
|
Fort Wayne TinCaps batting - Pitching for Peoria Chiefs : RHP Gareth Haigh
|
|
Batting: LHB Ramon Vega
|
0-0: Called Strike 0-1: Ball 1-1: Ball 2-1: Ball 3-1: Foul Ball, location: 2F 3-2: Foul Ball, location: 2F 3-2: Foul Ball, location: 2F 3-2: Base on Balls
|
|
Batting: RHB Min-chin Yi
|
0-0: Swinging Strike 0-1: Ball 1-1: Ball 2-1: Ball 3-1: Called Strike 3-2: Strikes out looking Ramon Vega steals 2nd base Batter strikes out.
|
|
Batting: RHB Danny Loyola
|
0-0: Intentional Walk
|
|
Batting: RHB Davey Verhoog
|
0-0: Foul Ball, location: 2F 0-1: Ball 1-1: Ball 2-1: Ball 3-1: Base on Balls Ramon Vega to third Danny Loyola to second
|
|
Pitching: LHP Gonnohyoe Hata
|
|
|
Batting: RHB Jaden Scott
|
0-0: Ball 1-0: Foul Ball, location: 2F 1-1: DOUBLE (Line Drive, 9LS, EV 97.5 MPH) Ramon Vega scores Danny Loyola scores Davey Verhoog to third Runner from 3rd tries for Home, throw by RF and OUT! 9-4-2 Jaden Scott to third
|
|
Batting: LHB Jeremy DiGenova
|
0-0: Called Strike 0-1: Ball 1-1: Ball 2-1: Ball 3-1: Swinging Strike 3-2: Strikes out looking
|
| Top of the 6th over - 2 runs, 1 hit, 0 errors, 1 left on base; Fort Wayne 4 - Peoria 1 |
| BOTTOM OF THE 6TH |
|
Peoria Chiefs batting - Pitching for Fort Wayne TinCaps : RHP David Deon
|
|
Batting: LHB Travis Ruppel
|
0-0: Called Strike 0-1: Called Strike 0-2: Fly out, F9 (Flyball, 9, EV 85.6 MPH)
|
|
Batting: RHB Richard Riggs
|
0-0: Foul Ball, location: 2F 0-1: Ball 1-1: Foul Ball, location: 2F 1-2: Strikes out swinging
|
|
Batting: RHB Josh Broome
|
0-0: Called Strike 0-1: Ball 1-1: Ball 2-1: Foul Ball, location: 2F 2-2: Ball 3-2: Foul Ball, location: 2F 3-2: Fly out, F9 (Flyball, 9S, EV 73.8 MPH)
|
| Bottom of the 6th over - 0 runs, 0 hits, 0 errors, 0 left on base; Fort Wayne 4 - Peoria 1 |
| TOP OF THE 7TH |
|
Fort Wayne TinCaps batting - Pitching for Peoria Chiefs : LHP Gonnohyoe Hata
|
|
Batting: RHB Alex Vasquez
|
0-0: Swinging Strike 0-1: Called Strike 0-2: Ball 1-2: Ball 2-2: Strikes out swinging
|
|
Batting: RHB Alfredo Lemus
|
0-0: Ball 1-0: Ball 2-0: Ball 3-0: Called Strike 3-1: Base on Balls
|
|
Batting: RHB David Reyna
|
0-0: Called Strike 0-1: Swinging Strike 0-2: Strikes out swinging
|
|
Batting: LHB Ramon Vega
|
0-0: Ball 1-0: Ball 2-0: Foul Ball, location: 2F 2-1: Ground out 4-3 (Groundball, 4, EV 100.0 MPH)
|
| Top of the 7th over - 0 runs, 0 hits, 0 errors, 1 left on base; Fort Wayne 4 - Peoria 1 |
| BOTTOM OF THE 7TH |
|
Peoria Chiefs batting - Pitching for Fort Wayne TinCaps : RHP David Deon
|
|
Pitching: RHP Wayne Kerrick
|
|
|
Batting: RHB Vic Nelson
|
0-0: Called Strike 0-1: Ground out 5-3 (Groundball, 56, EV 104.4 MPH)
|
|
Batting: SHB Hank Arias
|
0-0: Called Strike 0-1: Foul Ball, location: 2F 0-2: Foul Ball, location: 2F 0-2: Strikes out looking
|
|
Batting: RHB Mario Mendoza
|
0-0: Ball 1-0: Foul Ball, location: 2F 1-1: Ball 2-1: Fly out, F8 (Flyball, 8LD, EV 102.5 MPH)
|
| Bottom of the 7th over - 0 runs, 0 hits, 0 errors, 0 left on base; Fort Wayne 4 - Peoria 1 |
| TOP OF THE 8TH |
|
Fort Wayne TinCaps batting - Pitching for Peoria Chiefs : LHP Gonnohyoe Hata
|
|
Pitching: RHP Ray Strehler
|
|
|
Batting: RHB Min-chin Yi
|
0-0: Ball 1-0: Ball 2-0: Ball 3-0: Called Strike 3-1: Called Strike 3-2: Foul Ball, location: 2F 3-2: Base on Balls
|
|
Batting: RHB Danny Loyola
|
0-0: Ball 1-0: Called Strike 1-1: Foul Ball, location: 2F 1-2: Ball 2-2: Foul Ball, location: 2F 2-2: SINGLE (Flyball, 6MD, EV 89.4 MPH) Min-chin Yi to second
|
|
Batting: RHB Davey Verhoog
|
0-0: Called Strike 0-1: Foul Ball, location: 2F 0-2: Strikes out swinging
|
|
Batting: RHB Jaden Scott
|
0-0: Ball Wild Pitch! Min-chin Yi to third Danny Loyola to second 1-0: Called Strike 1-1: Swinging Strike 1-2: Hit by Pitch
|
|
Batting: LHB Jeremy DiGenova
|
0-0: Fly out, F7 (Flyball, 78S, EV 80.6 MPH)
|
|
Batting: RHB Alex Vasquez
|
0-0: Called Strike 0-1: DOUBLE (Line Drive, 5D, EV 96.9 MPH) Min-chin Yi scores Danny Loyola scores Jaden Scott to third
|
|
Batting: RHB Alfredo Lemus
|
0-0: Ball 1-0: Foul Ball, location: 2F 1-1: Ball 2-1: Ground out 5-3 (Groundball, 56, EV 81.2 MPH)
|
| Top of the 8th over - 2 runs, 2 hits, 0 errors, 2 left on base; Fort Wayne 6 - Peoria 1 |
| BOTTOM OF THE 8TH |
|
Peoria Chiefs batting - Pitching for Fort Wayne TinCaps : RHP Wayne Kerrick
|
|
Batting: RHB John Peterson
|
0-0: Ball 1-0: Foul Ball, location: 2F 1-1: Called Strike 1-2: Ball 2-2: Ground out 6-3 (Groundball, 6, EV 90.6 MPH)
|
|
Batting: LHB Billy Guzman
|
0-0: Called Strike 0-1: Ball 1-1: Foul Ball, location: 2F 1-2: Ball 2-2: Foul Ball, location: 2F 2-2: Foul Ball, location: 2F 2-2: Ball 3-2: Ground out 4-3 (Groundball, 34D, EV 90.0 MPH)
|
|
Batting: RHB Tyler Walker
|
0-0: Ball 1-0: Swinging Strike 1-1: Called Strike 1-2: Strikes out looking
|
| Bottom of the 8th over - 0 runs, 0 hits, 0 errors, 0 left on base; Fort Wayne 6 - Peoria 1 |
| TOP OF THE 9TH |
|
Fort Wayne TinCaps batting - Pitching for Peoria Chiefs : RHP Ray Strehler
|
|
Batting: RHB David Reyna
|
0-0: Ball 1-0: Ball 2-0: Ball 3-0: Called Strike 3-1: Ground out 5-3 (Groundball, 56, EV 83.8 MPH)
|
|
Pitching: LHP Steve Martin
|
|
|
Batting: LHB Ramon Vega
|
0-0: Called Strike 0-1: Ball 1-1: Called Strike 1-2: Foul Ball, location: 2F 1-2: Ball 2-2: Foul Ball, location: 2F 2-2: SINGLE (Line Drive, 7LS, EV 103.1 MPH)
|
|
Batting: RHB Min-chin Yi
|
0-0: Ball 1-0: Ball 2-0: Ball 3-0: Called Strike 3-1: SINGLE (Groundball, 34S, EV 76.9 MPH) (infield hit) Ramon Vega to second
|
|
Batting: RHB Danny Loyola
|
0-0: Ball 1-0: Foul Ball, location: 2F 1-1: Ball 2-1: Single, Error in OF, E7, batter to second base (Groundball, 56D, EV 106.9 MPH) Ramon Vega scores Min-chin Yi to third
|
|
Batting: RHB Davey Verhoog
|
0-0: Ball 1-0: DOUBLE (Flyball, 8RXD, EV 101.9 MPH) Min-chin Yi scores Danny Loyola scores
|
|
Batting: RHB Jaden Scott
|
0-0: Called Strike 0-1: Ball 1-1: Swinging Strike 1-2: Ball 2-2: Strikes out swinging
|
|
Batting: LHB Jeremy DiGenova
|
0-0: Swinging Strike 0-1: Swinging Strike 0-2: Ball 1-2: Ball 2-2: Foul Ball, location: 2F 2-2: Ball 3-2: Strikes out swinging
|
| Top of the 9th over - 3 runs, 4 hits, 1 error, 1 left on base; Fort Wayne 9 - Peoria 1 |
| BOTTOM OF THE 9TH |
|
Peoria Chiefs batting - Pitching for Fort Wayne TinCaps : RHP Wayne Kerrick
|
|
Batting: LHB Travis Ruppel
|
0-0: Ball 1-0: Called Strike 1-1: Ball 2-1: Foul Ball, location: 2F 2-2: Ball 3-2: Foul Ball, location: 2F 3-2: Strikes out swinging
|
|
Batting: RHB Richard Riggs
|
0-0: Called Strike 0-1: Ball 1-1: Ground out 6-3 (Groundball, 56, EV 94.4 MPH)
|
|
Pinch Hitting: RHB Jose Jimenez
|
0-0: DOUBLE (Flyball, 78D, EV 103.1 MPH)
|
|
Batting: RHB Vic Nelson
|
0-0: Ball 1-0: Called Strike 1-1: Foul Ball, location: 2F 1-2: Ball 2-2: Fly out, F9 (Line Drive, 89M, EV 105.0 MPH)
|
| Bottom of the 9th over - 0 runs, 1 hit, 0 errors, 1 left on base; Fort Wayne 9 - Peoria 1 |
|